 Dungeon Crawl Stone Soup version 0.30-a0-1066-g63dfefce0d (webtiles) character file.

Game seed: 498237044939840775

100 Darkkill the Shooter (level 4, -8/38 HPs)
             Began as a Minotaur Hunter on Apr 12, 2023.
             Killed from afar by Edmund (12 damage)
             ... with a puff of flame
             ... on level 4 of the Dungeon.
             The game lasted 00:02:34 (1828 turns).

Darkkill the Shooter (Minotaur Hunter)              Turns: 1828, Time: 00:02:35

Health: -8/38      AC:  3    Str: 15    XL:     4   Next: 46%
Magic:  3/3        EV: 13    Int:  6    God:
Gold:   158        SH:  0    Dex: 16    Spells: 3/3 levels left

rFire   . . .      SeeInvis .    a - +1 shortbow (elec)
rCold   . . .      Faith    .    (shield currently unavailable)
rNeg    . . .      Spirit   .    c - +0 leather armour
rPois   .          Reflect  .    (helmet restricted)
rElec   .          Rampage  .    e - scarf {+Inv}
rCorr   .                        (no gloves)
Will    .....                    (no boots)
Stlth   +                        (no amulet)
HPRegen 0.26/turn                (no ring)
MPRegen 0.08/turn                (no ring)

@: confused, ambrosia-drunk
A: horns 2, retaliatory headbutt
a: Evoke Invisibility


You were on level 4 of the Dungeon.
You visited 1 branch of the dungeon, and saw 4 of its levels.

You collected 158 gold pieces.

Inventory:

Hand Weapons
 a - a +1 shortbow of electrocution (weapon)
Missiles
 d - 20 stones
 j - 3 silver boomerangs
 k - 3 poisoned darts
Armour
 c - a +0 leather armour (worn)
 e - a scarf of invisibility (worn)
Scrolls
 b - 2 scrolls of immolation
 i - a scroll of blinking {unknown}
 o - a scroll of enchant weapon
Potions
 f - 3 potions of flight
 g - 2 potions of ambrosia
 h - 2 potions of resistance {unknown}
 l - 2 potions of lignification {unknown}
 m - a potion of heal wounds {unknown}
 n - 2 potions of curing {unknown}


   Skills:
 + Level 3.5 Fighting
 + Level 5.0 Ranged Weapons
 + Level 3.2 Dodging
 + Level 2.0 Stealth


You had 3 spell levels left.
You didn't know any spells.
Your spell library contained the following spells:

 Spells                   Type           Power      Damage    Failure   Level
 Dazzling Flash           Conj/Hex       0%         N/A       88%         3
 Agony                    Necr           0%         N/A       100%        5
 Silence                  Hex/Air        0%         N/A       100%        5


Dungeon Overview and Level Annotations

Branches:
Dungeon (4/15)
 Temple: D:4-7

Altars:

Annotations:
D:4 Edmund


Innate Abilities, Weirdness & Mutations

You have a pair of horns on your head.
You reflexively headbutt those who attack you in melee.


Message History

No target in view!
A giant cockroach comes into view.
A giant cockroach is nearby!
You shoot an arrow. The arrow hits the giant cockroach.
The giant cockroach is moderately wounded.
A giant cockroach is nearby!
You shoot an arrow. The arrow hits the giant cockroach!
You kill the giant cockroach!
p - a scroll of identify {@r1}
h - 2 glowing blue potions (gained 1)
b - 2 scrolls of immolation (gained 1) Done exploring.
No target in view!
Done exploring.
No target in view!
Done exploring.
No target in view!
Done exploring.
No target in view!
No target in view!
Done exploring.
Done exploring.
No target in view!
As you read the scroll labelled CUYNGIDGHAMUIPT, it crumbles to dust.
You assume a fearsome visage.
Nothing appears to happen.
It was a scroll of fear.
As you read the scroll labelled MYAFIA ERUUDI, it crumbles to dust.
You feel momentarily disoriented.
It was a scroll of magic mapping.
As you read the scroll of identify {@r1}, it crumbles to dust.
g - 3 potions of ambrosia
There is a stone staircase leading down here.
You climb downwards.
Found a sedimented red potion and a chain mail.
There is a stone staircase leading up here.
n - 2 sedimented red potions (gained 1)
An endoplasm comes into view.
You shoot an arrow. The arrow hits the endoplasm!
You kill the endoplasm!
You now have 158 gold pieces (gained 7).
i - a scroll labelled AFRIL HYUSK
Found a stone staircase leading down.
No target in view!
You pick up a book of the Senses and begin reading...
You add the spells Dazzling Flash, Agony and Silence to your library.
No target in view!
o - a scroll of enchant weapon No target in view!
No target in view!
An orc comes into view. It is wielding a +0 hand axe.
You shoot an arrow. The arrow hits the orc.
The orc shouts!
The orc is heavily wounded.
An orc is nearby!
You shoot an arrow.
The arrow hits the orc but does no damage.
The orc is heavily wounded.
An orc priest comes into view. It is wielding a +1 heavy hand axe.
An orc comes into view. It is wielding a +0 dagger.
Edmund the Younger comes into view.
He is wielding a +2 flail of protection and carrying a wand of flame (11).
Fire: a) +1 shortbow (elec)
Press: ? - help, Q - select action, (/) - cycle Shift-Dir - straight line, f - Edmund, p - orc
Aim: Edmund, wielding a +2 flail of protection, wearing a +0 scale mail and carrying a wand of flame (11) (wandering, hasn't noticed you, 68% to hit)
You shoot an arrow.
Edmund shouts!
The orc shouts!
The arrow hits Edmund but does no damage.
The orc priest begins to cast a cantrip, but forgets the words!
An orc wizard comes into view. It is wielding a +0 dagger.
Fire: a) +1 shortbow (elec)
Press: ? - help, Q - select action, (/) - cycle Shift-Dir - straight line, f/p - Edmund
Aim: Edmund, wielding a +2 flail of protection, wearing a +0 scale mail and carrying a wand of flame (11) (68% to hit)
You shoot an arrow. The orc wizard shouts!
The arrow hits Edmund!
Edmund is lightly wounded.
An orc comes into view. It is wielding a +0 mace.
The orc priest invokes the aid of Beogh against you.
Beogh smites you! The orc attacks as you move away!
The orc hits you but does no damage. The orc attacks as you move away!
The orc barely misses you.
You shoot an arrow. The arrow hits the orc!
Lightning courses through the orc!
You kill the orc!
Edmund barely misses you. You furiously retaliate!
You headbutt Edmund.
You see here a +0 hand axe.
You shoot an arrow. The arrow barely misses Edmund.
The arrow closely misses the orc wizard.
The arrow hits the orc.
The orc is almost dead.
Edmund says, "You wouldn't believe how much I paid for this flail."
Edmund hits you with a +2 flail of protection!
You shoot an arrow. The arrow hits Edmund.
Edmund is moderately wounded.
Edmund hits you with a +2 flail of protection!
* * * LOW HITPOINT WARNING * * *
Edmund gestures with his flail.
Edmund hits you with a +2 flail of protection!
* * * LOW HITPOINT WARNING * * *
You are confused.
You feel invigorated.
Edmund zaps a wand.
The puff of flame hits you!
You die...

..#####>#####
............#
#######.###.#
#.# #.# #.#
#.# #.# #.#
#.# #.# ##.#
#.# #.@#
#.#######
####@##
#.......# .
..#o#
#.#####.# ...
#.#o# #.# #.#
.....#.#.#
#.# #.#
..o..@...#
#.# #.#
...o.#.###
#.# #.# .o.
#. #.#
#.###### o #.
#.# #.......


You could see Edmund, an orc wizard and an orc.

Vanquished Creatures
  2 gnolls (D:2)
  2 adders (D:2)
  2 worms
  A dart slug (D:2)
  2 orcs
  4 ball pythons
  2 endoplasms
  A giant cockroach (D:3)
  5 goblins
  6 hobgoblins
  3 jackals (D:2)
  6 quokkas (D:2)
  5 bats
  4 frilled lizards
  2 kobolds
  3 rats
50 creatures vanquished.

Notes
Turn   | Place    | Note
-------+----------+-------------------------------------------
     0 | D:1      | Darkkill the Minotaur Hunter began the quest for the Orb.
     0 | D:1      | Reached XP level 1. HP: 18/18 MP: 0/0
   111 | D:1      | Reached skill level 1 in Stealth
   159 | D:1      | Reached XP level 2. HP: 24/25 MP: 1/1
   572 | D:2      | Reached XP level 3. HP: 31/31 MP: 2/2
   813 | D:2      | Reached XP level 4. HP: 38/38 MP: 3/3
  1408 | D:3      | Reached skill level 5 in Ranged Weapons
  1813 | D:4      | Noticed Edmund
  1825 | D:4      | HP: 7/38 [Edmund/+2 flail of protection (14)]
  1827 | D:4      | HP: 1/38 [Edmund/+2 flail of protection (7)]
  1828 | D:4      | Killed from afar by Edmund

Illustrated notes

Levels and vault maps discovered:
D:1:      ncdulo_wetmaze, layout_rooms, roderic_roman_lattice
D:2:      wad_river_or_something, layout_loops_cross
D:3:      layout_rooms
D:4:      layout_loops_ring, mainiacjoe_overflow_concentric_impassable,
          uniq_edmund

Skill      XL: |  1  2  3  4 |
---------------+-------------+-----
Stealth        | 1 2 |  2.0
Fighting       | 3 |  3.5
Dodging        | 3 |  3.2
Ranged Weapons | 5 |  5.0

Action                     |  1- 3 |  4- 6 || total
---------------------------+-------+-------++-------
   Fire: Shortbow          |    61 |    48 ||   109
    Use: Scroll            |     2 |     4 ||     6
         Potion            |       |     1 ||     1
 Armour: Leather armour    |     3 |     2 ||     5
  Dodge: Dodged            |     8 |     4 ||    12

Table legend: (Time is in decaauts)
 A = Elapsed time spent in this place.
 B = Non-inter-level travel time spent in this place.
 C = Inter-level travel time spent in this place.
 D = Time resting spent in this place.
 E = Time spent auto-exploring this place.
 F = Levels seen in this place.
 G = Mean time per level.
                   A        B        C        D        E       F      G
               +--------+--------+--------+--------+--------+-----+--------+
         Total |   1870 |   1734 |    136 |      0 |   1470 |   4 |  467.5 |
       Dungeon |   1870 |   1734 |    136 |      0 |   1470 |   4 |  467.5 |
               +--------+--------+--------+--------+--------+-----+--------+

Top non-repeatable levels by time:
     D:2: 932 daAuts
     D:1: 452 daAuts
     D:3: 324 daAuts
     D:4: 160 daAuts

Table legend:
 A = Kills in this place as a percentage of kills in the entire game.
 B = Kills by you in this place as a percentage of kills by you in the entire game.
 C = Kills by friends in this place as a percentage of kills by friends in the entire game.
 D = Other kills in this place as a percentage of other kills in the entire game.
 E = Experience gained in this place as a percentage of experience gained in the entire game.
 F = Experience gained in this place divided by the number of levels of this place that you have seen.
                   A       B       C       D       E      F
               +-------+-------+-------+-------+-------+----------------------
         Total | 100.0 | 100.0 |   N/A |   N/A | 100.0 |  35.8
       Dungeon | 100.0 | 100.0 |   N/A |   N/A | 100.0 |  35.8
               +-------+-------+-------+-------+-------+----------------------
